 Dungeon Crawl Stone Soup version 0.29-a0-207-gf982a884d8 (webtiles) character file.

Game seed: 13028089745486884462

4552 drugrobin the Spear-Bearer (level 9, -20/73 (74) HPs)
             Began as a Demigod Warper on Feb 23, 2022.
             Killed from afar by a red draconian (26 damage)
             ... with a searing blast
             ... on level 3 of the Abyss.
             The game lasted 00:50:05 (14241 turns).

drugrobin the Spear-Bearer (Demigod Warper)        Turns: 14241, Time: 00:50:06

HP:   -20/73 (74)   AC: 25    Str: 26    XL:     9   Next: 97%
MP:   0/14          EV:  7    Int: 21    God:
Gold: 466           SH:  0    Dex:  9    Spells: 4/11 levels left

rFire   . . .      SeeInvis .   a - +4 hand axe "Beastbane" {freeze, rC+++ Str+2 Dex-4 Stlth-}
rCold   + + +      Faith    .   (no shield)
rNeg    . . .      Spirit   +   d - +4 plate armour
rPois   .          Reflect  .   J - +1 helmet
rElec   .          Harm     .   r - +0 cloak
rCorr   .          Rampage  .   (no gloves)
Will    .....                   p - +0 pair of boots
Stlth   ..........              n - amulet of guardian spirit
HPRegen 0.22/turn               l - +6 ring of intelligence
MPRegen 0.14/turn               C - +4 ring of protection

@: very slightly contaminated, lightly drained
A: high MP 1, forlorn, divine attributes, devolution 1
a: no special abilities


You were on level 3 of the Abyss.
You visited 1 branch of the dungeon, and saw 9 of its levels.
You visited the Abyss 1 time.
You also visited: Sewer.

You collected 466 gold pieces.

Inventory:

Hand Weapons
 a - the +4 hand axe "Beastbane" (weapon) {freeze, rC+++ Str+2 Dex-4 Stlth-}
   (You found it on level 5 of the Dungeon)

   It freezes those it strikes, dealing additional cold damage.
   It can also slow down cold-blooded creatures.
   Str:       It affects your strength (+2).
   Dex:       It affects your dexterity (-4).
   rC:        It renders you almost immune to cold.
   Stlth:     It makes you less stealthy.
 b - the +2 hunting sling of Resourcefulness {vorpal, +Blink Dex+5}
   (You found it on level 5 of the Dungeon)

   Any ammunition fired from it inflicts extra damage upon your enemies.
   Dex:       It affects your dexterity (+5).
   +Blink:    It lets you blink.
 c - a +0 spear
 v - a +2 dagger of speed
 G - a +2 short sword of venom
 K - a +0 halberd
Missiles
 e - 163 stones
 y - 8 boomerangs (quivered)
Armour
 d - a +4 plate armour (worn)
 p - a +0 pair of boots (worn)
 r - a +0 cloak (worn)
 H - a +2 chain mail of positive energy
 J - a +1 helmet (worn)
Magical Staves
 m - a staff of earth
 E - a staff of poison
Jewellery
 f - an amulet of the acrobat
 l - a +6 ring of intelligence (left hand)
 n - an amulet of guardian spirit (around neck)
 u - a ring of flight
 C - a +4 ring of protection (right hand)
 P - a ring of protection from fire
 T - an amulet of magic regeneration
Wands
 N - a wand of flame (33)
 Q - a wand of iceblast (5)
Scrolls
 i - 3 scrolls of fog
 s - 2 scrolls of teleportation
 w - 2 scrolls of holy word {unknown}
 z - 4 scrolls of vulnerability {unknown}
 A - 2 scrolls of blinking
 B - 2 scrolls of enchant weapon {unknown}
 D - 2 scrolls of brand weapon {unknown}
 I - a scroll of summoning
 M - a scroll of immolation {unknown}
Potions
 g - 6 potions of heal wounds
 h - a potion of magic
 j - 2 potions of might
 o - 2 potions of curing
 q - 2 potions of ambrosia
 t - a potion of attraction
 x - 2 potions of berserk rage
 L - 2 potions of haste
 O - a potion of cancellation {unknown}
 R - a potion of mutation {unknown}


   Skills:
 + Level 5.5 Fighting
 + Level 10.3 Polearms
 - Level 0.8 Throwing
 + Level 5.2 Armour
 - Level 1.7 Dodging
 - Level 2.0 Stealth
 - Level 1.7 Spellcasting
 + Level 5.5 Translocations


You had 4 spell levels left.
You knew the following spells:

 Your Spells              Type           Power      Damage    Failure   Level
a - Blink                 Tloc           50%        N/A       30%         2
b - Teleport Other        Tloc           25%        N/A       52%         3
c - Summon Small Mammal   Summ           4%         N/A       89%         1
q - Apportation           Tloc           50%        N/A       21%         1

Your spell library contained the following spells:

 Spells                   Type           Power      Damage    Failure   Level
 Gell's Gravitas          Tloc           25%        N/A       52%         3
 Lesser Beckoning         Tloc           25%        N/A       52%         3
 Animate Skeleton         Necr           2%         N/A       89%         1
 Freeze                   Ice            4%         1d3       89%         1
 Sandblast                Erth           2%         2d4       89%         1
 Passwall                 Tmut/Erth      0%         N/A       96%         2
 Frozen Ramparts          Ice            2%         1d2       99%         3
 Stone Arrow              Conj/Erth      2%         3d7       99%         3
 Hailstorm                Conj/Ice       1%         3d3       100%        4
 Manifold Assault         Tloc           25%        N/A       99%         5


Dungeon Overview and Level Annotations

Branches:
Dungeon (9/15)             Temple (0/1) D:6           Sewer (visited)
   Lair: D:8-11         Orc: D:9-12

Shops:
D:3 =

Annotations:
D:4 Duvessa


Innate Abilities, Weirdness & Mutations

You have an increased reservoir of magic. (+10% MP)
You shall have no god before yourself.
Your divine heritage dramatically boosts your attributes as you level up.
You have hidden genetic defects.


Message History

You blink.
A tentacled starspawn comes into view.
Tentacles burst from the starspawn's body! 2 starspawn tentacles come into view.
A starcursed mass comes into view.
The sixfirhy barely misses you.
A starcursed mass splits.
The starspawn tentacle barely misses you.
As you open the door, it creaks loudly!
A red draconian, a blink frog and a wizard come into view.
The wizard shouts!
The sixfirhy hits you but does no damage.
The sixfirhy hits you. The sixfirhy shocks you! The sixfirhy barely misses you.
The sixfirhy closely misses you.
The tentacled starspawn bites you but does no damage.
The tentacled starspawn tentacle-slaps you but does no damage.
A starcursed mass splits.
The starspawn tentacle grabs you. The starspawn tentacle constricts you.
A starcursed mass splits.
Unknown command.
Unknown command.
You escape the starspawn tentacle's grasp.
You feel stable enough to blink again. The sixfirhy hits you!
The sixfirhy shocks you!
* * * LOW HITPOINT WARNING * * *
The sixfirhy hits you.
* * * LOW HITPOINT WARNING * * *
The sixfirhy shocks you!
* * * LOW HITPOINT WARNING * * *
A starcursed mass splits.
The worldbinder hits you.
* * * LOW HITPOINT WARNING * * *
The worldbinder barely misses you.
A starcursed mass splits.
Unknown command.
Unknown command.
Casting: Blink (dangerous; 30% risk of failure)
Confirm with . or Enter, or press ? or * to list all spells.
You miscast Blink.
Nothing appears to happen.
The blink frog blinks!
The worldbinder barely misses you.
The worldbinder hits you but does no damage.
The red draconian breathes fire at you. The searing blast hits you!!
You die... . #. . .... . # XX..

## .. . ##XX##
.#. . ##.XX. ##.
. . ....# # # .##
#... #+# . #.#
#+##..##F.## ....
.# ##.###@.'dp.+
. ... #
○{.+x3X##..# ..§
### #R##.S.w#
§§#§##.##
##'#R###...# ...#
.....#○○°#
.#.....
#.####........N#.
...#... .... .
.....#...## .#+#
#. # ###.#.
####+#.. .##
...#.#. # #
##...+


You could see 6 starcursed masses, a naga warrior (summoned), a red draconian
(catching breath), a tentacled starspawn, a mana viper (summoned), a wizard, a
worldbinder, a sixfirhy, an efreet, a blink frog and a starspawn tentacle.

Vanquished Creatures
  A manticore (D:9)
  Joseph (D:7)
  A wyvern (D:7)
  2 steam dragons
  A small abomination (Abyss:3)
  2 water moccasins (D:5)
  A hornet zombie (D:8)
  2 orc warriors
  An ice beast (D:7)
  A black bear (D:6)
  6 necrophages
  2 ogres
  4 phantoms
  2 centaurs (D:9)
  A kobold brigand (D:7)
  A bullfrog (D:8)
  2 wyvern zombies
  A scorpion (D:5)
  A water moccasin skeleton (D:5)
  Dowan (D:4)
  A wight (D:9)
  2 howler monkeys
  3 centaur zombies
  A bullfrog zombie (D:6)
  A hound (D:5)
  A bullfrog skeleton (D:7)
  3 orc priests
  A gnoll shaman (D:3)
  3 iguanas
  13 orc wizards
  2 killer bee zombies
  Robin (D:3)
  A howler monkey zombie (D:8)
  10 gnolls
  2 river rats (Sewer)
  6 adders
  2 shadow imps
  2 white imps
  An ufetubus (D:5)
  3 worms
  3 dart slugs
  30 orcs
  10 endoplasms
  2 giant cockroaches
  15 goblins
  12 hobgoblins
  7 jackals
  2 quokkas
  12 ball pythons
  8 bats
  8 frilled lizards
  10 kobolds
  9 rats
  A bush (D:8)
222 creatures vanquished.

Vanquished Creatures (others)
  A bush (D:8)
  13 plants (D:8)
  A starspawn tentacle (Abyss:3)
15 creatures vanquished.

Grand Total: 237 creatures vanquished

Notes
Turn   | Place    | Note
-------+----------+-------------------------------------------
     0 | D:1      | drugrobin the Demigod Warper began the quest for the Orb.
     0 | D:1      | Reached XP level 1. HP: 17/17 MP: 5/5
   510 | D:1      | Reached skill level 2 in Polearms
   693 | D:1      | Reached skill level 1 in Stealth
   699 | D:1      | Reached XP level 2. HP: 22/24 MP: 7/7
  1065 | D:1      | Learned a level 2 spell: Blink
  1268 | D:2      | Reached XP level 3. HP: 28/29 MP: 8/8
  1700 | D:2      | Reached skill level 3 in Polearms
  2466 | D:3      | Reached XP level 4. HP: 29/36 MP: 9/9
  2672 | D:3      | Found Ubbon's Jewellery Boutique.
  2713 | D:3      | Learned a level 1 spell: Summon Small Mammal
  2717 | D:3      | Learned a level 3 spell: Teleport Other
  2882 | D:3      | Noticed Robin
  2900 | D:3      | Reached skill level 4 in Polearms
  2976 | D:3      | Found a glowing drain.
  2985 | Sewer    | Entered a sewer
  3988 | Sewer    | Reached XP level 5. HP: 35/41 MP: 8/10
  3990 | Sewer    | Learned a level 1 spell: Apportation
  5170 | D:3      | Reached skill level 5 in Polearms
  5443 | D:3      | Killed Robin
  5794 | D:4      | Noticed Duvessa
  6272 | D:4      | Noticed Dowan
  6361 | D:3      | Reached XP level 6. HP: 45/48 MP: 11/11
  6519 | D:3      | Reached skill level 6 in Polearms
  6978 | D:4      | Killed Dowan
  7685 | D:5      | Entered Level 5 of the Dungeon
  7804 | D:5      | Noticed a water moccasin
  7829 | D:5      | Killed a water moccasin
  7830 | D:5      | Reached skill level 7 in Polearms
  7830 | D:5      | Reached XP level 7. HP: 14/53 MP: 2/12
  8693 | D:5      | Reached skill level 8 in Polearms
  8714 | D:5      | Identified the +2 hunting sling of Resourcefulness {vorpal,
                  | +Blink Dex+5}
  9320 | D:5      | Identified the +4 hand axe "Beastbane" {freeze, rC+++ Str+2
                  | Dex-4 Stlth-}
  9498 | D:6      | Reached skill level 1 in Armour
  9538 | D:6      | Reached XP level 8. HP: 59/61 MP: 13/13
  9616 | D:6      | Reached skill level 9 in Polearms
  9906 | D:6      | Found a staircase to the Ecumenical Temple.
 10882 | D:7      | Reached XP level 9. HP: 71/71 MP: 14/14
 10966 | D:7      | Noticed Joseph
 10979 | D:7      | Killed Joseph
 12111 | D:8      | Reached skill level 10 in Polearms
 12728 | D:8      | Reached skill level 5 in Fighting
 12728 | D:8      | Reached skill level 5 in Translocations
 13100 | D:9      | Reached skill level 5 in Armour
 13643 | D:9      | Noticed a manticore
 13652 | D:9      | Killed a manticore
 13667 | D:9      | Noticed a wizard
 13677 | D:9      | Cast into level 2 of the Abyss (a wizard)
 13816 | Abyss:2  | Noticed a starcursed mass
 13896 | Abyss:3  | Gained mutation: You have hidden genetic defects. [a
                  | neqoxec]
 13924 | Abyss:3  | Noticed an efreet
 13977 | Abyss:3  | Noticed a thrashing horror
 14093 | Abyss:3  | Noticed a large abomination
 14101 | Abyss:3  | Noticed a large abomination
 14133 | Abyss:3  | Noticed an apocalypse crab
 14233 | Abyss:3  | Noticed a wizard
 14233 | Abyss:3  | Noticed an efreet
 14233 | Abyss:3  | Noticed a worldbinder
 14235 | Abyss:3  | Noticed a sixfirhy
 14237 | Abyss:3  | Noticed a naga warrior
 14237 | Abyss:3  | Noticed a mana viper
 14237 | Abyss:3  | Noticed a tentacled starspawn
 14238 | Abyss:3  | Noticed a starcursed mass
 14239 | Abyss:3  | Noticed a red draconian
 14239 | Abyss:3  | Noticed a wizard
 14241 | Abyss:3  | Killed from afar by a red draconian

Illustrated notes

Levels and vault maps discovered:
D:1:      doesnt_arrival_eight_statues, layout_rooms,
          ebering_ecumenical_altar_ruins
D:2:      layout_loops_ring
D:3:      layout_basic, xom_teletrap_fun, serial_shops, shop_statue,
          cheibrodos_sewer_entry_drain, uniq_robin
D:4:      layout_cave_pools, mainiacjoe_overflow_alcove_2, uniq_duvessa
D:5:      layout_loops_ring, wad_floor_pattern_2
D:6:      layout_basic, temple_hall, chequers_serial_rivers_room_a,
          chequers_serial_rivers_large_a
D:7:      layout_loops_cross, lemuel_round_altar, nicolae_elevator_lobby_plus,
          uniq_joseph
D:8:      layout_loops_ring, amethyst_overflow_temple_binary,
          fedhas_altar_decomposition
D:9:      layout_irregular_city, amcnicky_mini_corridor_feature,
          minmay_fractal_squares_gapless_7
Abyss:3:  base: D:6, due_evilmike_abyss_rune_seething_liches,
          hangedman_abyss_town

Skill      XL: |  1  2  3  4  5  6  7  8  9 |
---------------+----------------------------+-----
Polearms       | 2 3 4 5 7 8 9 10 | 10.3
Stealth        | 1 2 |  2.0
Armour         | 1 3 5 |  5.2
Fighting       | 3 5 |  5.5
Translocations | 4 5 |  5.5
Throwing       | |  0.8
Dodging        | |  1.7
Spellcasting   | |  1.7

Action                   |  1- 3 |  4- 6 |  7- 9 || total
-------------------------+-------+-------+-------++-------
Melee: Spear             |   173 |   326 |    70 ||   569
       Punch             |     3 |     3 |     4 ||    10
       Short sword       |       |    98 |    83 ||   181
       Dagger            |       |     9 |       ||     9
       Hand axe          |       |       |   441 ||   441
 Fire: Hunting sling     |       |       |    16 ||    16
Throw: Stone             |    16 |    29 |       ||    45
       Boomerang         |       |    11 |    16 ||    27
       Dart              |       |       |     3 ||     3
 Cast: Blink             |       |    14 |     3 ||    17
       Summon Small Mamm |       |     6 |       ||     6
       Teleport Other    |       |     2 |     6 ||     8
Evoke: Wand              |       |       |     1 ||     1
  Use: Scroll            |     4 |     9 |     4 ||    17
       Potion            |       |     2 |       ||     2
 Stab: Sleeping          |     3 |     4 |       ||     7
Armor: Leather armour    |    49 |   124 |    39 ||   212
       Plate armour      |       |       |   412 ||   412
Dodge: Dodged            |    88 |   221 |   195 ||   504

Table legend: (Time is in decaauts)
 A = Elapsed time spent in this place.
 B = Non-inter-level travel time spent in this place.
 C = Inter-level travel time spent in this place.
 D = Time resting spent in this place.
 E = Time spent auto-exploring this place.
 F = Levels seen in this place.
 G = Mean time per level.
                   A        B        C        D        E       F      G
               +--------+--------+--------+--------+--------+-----+--------+
         Total |  14291 |  13726 |    565 |   4309 |   5226 |  12 | 1190.9 |
       Dungeon |  12565 |  12000 |    565 |   3413 |   4978 |   9 | 1396.1 |
         Abyss |    563 |    563 |      0 |    289 |      0 |   2 |  281.5 |
         Sewer |   1162 |   1162 |      0 |    607 |    248 |   1 | 1162.0 |
               +--------+--------+--------+--------+--------+-----+--------+

Top non-repeatable levels by time:
     D:3: 3090 daAuts
     D:8: 1713 daAuts
     D:5: 1701 daAuts
     D:2: 1571 daAuts
     D:1: 1294 daAuts
     D:7: 1180 daAuts
   Sewer: 1162 daAuts
     D:6: 1016 daAuts
     D:4: 604 daAuts
 Abyss:3: 420 daAuts
     D:9: 391 daAuts
 Abyss:2: 142 daAuts
